Map: Frozen Temple

Players

Has

  • Race: Protoss Protoss

Elazer - Winner!

  • Race: Zerg Zerg

Event: DreamHack Open Tours WCS Spring Championship

VOD

https://www.youtube.com/watch?v=Lvarz-Dt1Cw

Description

Time

  • Played on: May 15, 2016, 7:43 a.m.
  • Length: 13:23

All games in this series

Show
View Real Time Build Order
Export as new Build Order

Has Protoss 

Build Orders: Oracle Opening 

Get SALT Encoding   

  12  0:01  Probe (Chrono Boost)  
  13  0:11  Probe (Chrono Boost)  
  14  0:18  Pylon  
  14  0:22  Probe (Chrono Boost)  
  15  0:37  Probe (Chrono Boost)  
  15  0:39  Gateway  
  16  0:48  Forge  
  16  0:52  Probe (Chrono Boost)  
  17  1:03  Probe (Chrono Boost)  
  18  1:04  Assimilator  
  18  1:13  Probe (Chrono Boost)  
  19  1:24  Probe (Chrono Boost)  
  20  1:31  Pylon  
  20  1:33  Pylon  
  20  1:35  Pylon  
  20  1:36  Pylon  
  20  1:37  Probe (Chrono Boost)  
  21  1:50  Photon Cannon  
  21  1:51  Photon Cannon  
  21  1:54  Probe (Chrono Boost)  
  22  2:04  Probe (Chrono Boost)  
  22  2:07  Cybernetics Core  
  23  2:10  Pylon  
  24  2:16  Photon Cannon  
  24  2:21  Zealot (Chrono Boost)  
  24  2:22  Probe  
  26  2:25  Assimilator  
  26  2:29  Pylon  
  26  2:34  Probe  
  27  2:37  Pylon  
  27  2:46  Probe  
  28  2:51  Stargate  
  28  2:58  Probe  
  29  3:09  Pylon  
  29  3:15  Nexus  
  29  3:21  Probe  
  30  3:33  Probe  
  31  3:37  Pylon  
  31  3:38  Oracle (Chrono Boost)  
  34  3:54  Pylon  
  34  4:00  Pylon  
  34  4:07  Warp Gate (Chrono Boost), Pylon  
  34  4:13  Mothership Core  
  34  4:14  Gateway  
  34  4:15  Gateway  
  36  4:36  Probe, Pylon  
  36  4:37  Void Ray (Chrono Boost)  
  39  4:42  Pylon  
  39  4:44  Probe  
  40  4:48  Probe  
  41  4:54  Probe  
  41  5:00  Probe  
  41  5:05  Probe  
  43  5:12  Probe  
  43  5:13  Pylon  
  42  5:15  Probe  
  43  5:24  Probe  
  43  5:26  Probe  
  45  5:29  Twilight Council  
  45  5:30  Gateway  
  45  5:36  Probe, Pylon  
  45  5:37  Protoss Ground Weapons Level 1  
  45  5:40  Void Ray (Chrono Boost)  
  50  5:56  Probe x2  
  33  6:08  Probe  
  29  6:14  Stalker x2  
  29  6:16  Stalker  
  34  6:20  Probe x2  
  36  6:32  Probe x2  
  34  6:44  Probe x2  
  36  6:48  Pylon  
  36  6:55  Pylon  
  36  6:56  Probe (Chrono Boost)  
  36  6:57  Probe (Chrono Boost)  
  38  7:08  Probe (Chrono Boost)  
  39  7:19  Stalker  
  39  7:20  Probe x2 (Chrono Boost)  
  43  7:28  Stalker  
  45  7:30  Probe (Chrono Boost), Stalker  
  45  7:31  Probe (Chrono Boost)  
  45  7:36  Pylon  
  49  7:41  Probe (Chrono Boost)  
  49  7:42  Probe (Chrono Boost)  
  51  7:52  Probe (Chrono Boost)  
  51  7:54  Stalker  
  51  7:55  Stalker  
  51  7:58  Probe (Chrono Boost)  
  57  8:02  Probe (Chrono Boost)  
  58  8:08  Probe (Chrono Boost), Assimilator  
  58  8:09  Assimilator  
  60  8:13  Probe (Chrono Boost)  
  60  8:21  Probe (Chrono Boost)  
  60  8:24  Probe (Chrono Boost)  
  60  8:25  Pylon  
  60  8:27  Pylon  
  61  8:31  Pylon  
  61  8:36  Probe  
  61  8:38  Probe  
  61  8:40  Pylon  
  63  8:44  Sentry x3  
  69  8:50  Probe  
  69  8:52  Probe  
  71  9:02  Robotics Facility  
  72  9:13  Charge (Chrono Boost), Nexus  
  72  9:15  Pylon  
  71  9:22  Probe x2  
  73  9:27  Pylon  
  73  9:35  Adept  
  73  9:40  Probe  
  73  9:41  Probe  
  73  9:51  Probe  
  74  9:53  Probe  
  74  9:55  Protoss Ground Weapons Level 2 (Chrono Boost)  
  75  10:00  Observer  
  75  10:03  Probe  
  75  10:05  Probe  
  78  10:16  Probe  
  78  10:18  Probe  
  80  10:21  Immortal (Chrono Boost)  
  80  10:28  Probe  
  84  10:29  Probe  
  84  10:30  Probe  
  87  10:42  Gateway  
  87  10:43  Gateway  
  87  10:45  Gateway  
  87  10:52  Robotics Facility  
  87  10:55  Gateway  
  87  11:00  Immortal (Chrono Boost)  
  91  11:06  Probe  
  91  11:09  Probe  
  91  11:10  Probe  
  94  11:11  Assimilator  
  94  11:12  Pylon  
  94  11:19  Zealot x3  
  100  11:27  Pylon  
  100  11:28  Pylon  
  100  11:32  Immortal (Chrono Boost)  
  102  11:44  Gateway  
  102  11:46  Gateway  
  106  11:48  Pylon  
  102  11:59  Zealot x4  
  109  12:22  Zealot  
  109  12:23  Zealot x6  
  107  12:44  Zealot x6, Immortal (Chrono Boost)  
  109  12:46  Oracle  
  122  12:56  Probe x2  
  93  13:00  Probe  
  57  13:06  Zealot x2  
  57  13:07  Probe  
Show
View Real Time Build Order
Export as new Build Order

Elazer Zerg - Winner!

Build Orders: Pool First, Lurkers, Roach Nydus 

Get SALT Encoding   

  12  0:00  Drone  
  13  0:12  Overlord  
  13  0:17  Drone  
  14  0:31  Drone x2  
  14  0:35  Drone  
  17  0:41  Extractor  
  16  0:45  Drone  
  17  0:50  Spawning Pool  
  17  0:56  Drone  
  17  1:07  Drone  
  18  1:20  Hatchery  
  18  1:23  Drone  
  18  1:28  Drone  
  19  1:36  Queen  
  21  1:46  Zergling x2  
  22  1:54  Roach Warren  
  21  1:57  Drone  
  22  2:03  Overlord  
  22  2:19  Drone, Extractor  
  22  2:22  Queen  
  25  2:27  Overlord  
  25  2:34  Roach  
  27  2:44  Roach  
  29  2:49  Roach  
  29  2:50  Roach x2  
  36  2:58  Ravager  
  36  3:02  Overlord  
  36  3:05  Ravager  
  37  3:10  Drone  
  38  3:21  Drone  
  37  3:36  Roach x3  
  43  3:54  Hatchery  
  43  3:55  Lair, Drone  
  43  4:01  Overlord  
  43  4:09  Drone  
  44  4:10  Drone x2  
  44  4:14  Overlord  
  46  4:23  Drone  
  40  4:33  Drone  
  41  4:45  Roach x3  
  45  4:49  Roach  
  47  4:56  Roach  
  47  4:57  Nydus Network  
  46  5:09  Roach x2  
  46  5:10  Queen  
  50  5:16  Roach  
  50  5:23  Queen  
  50  5:25  Ravager  
  51  5:34  Nydus Canal  
  51  5:43  Roach  
  51  5:46  Queen, Roach  
  57  6:00  Nydus Canal  
  57  6:02  Queen  
  55  6:06  Roach x2  
  54  6:18  Roach x3  
  52  6:29  Roach x2  
  50  6:37  Drone x4  
  44  6:43  Drone x2  
  46  6:53  Drone  
  47  7:02  Hatchery  
  47  7:04  Hydralisk Den  
  47  7:07  Drone x2  
  47  7:13  Overlord  
  47  7:15  Overlord  
  47  7:25  Overlord  
  47  7:33  Hydralisk x2  
  51  7:38  Overlord  
  51  7:47  Hydralisk  
  51  7:48  Hydralisk x2  
  56  7:52  Hydralisk  
  56  7:55  Zergling x4  
  60  8:00  Zergling x6  
  60  8:07  Metabolic Boost  
  60  8:09  Zergling x2  
  60  8:10  Zergling x2  
  62  8:16  Hydralisk  
  64  8:25  Overlord  
  64  8:27  Drone x2  
  66  8:34  Drone  
  66  8:35  Drone  
  66  8:38  Drone, Extractor x2  
  66  8:39  Drone  
  68  8:46  Overlord  
  68  8:51  Muscular Augments  
  67  9:04  Drone x3  
  67  9:06  Drone  
  67  9:07  Drone  
  67  9:09  Drone  
  73  9:12  Hatchery  
  73  9:16  Hydralisk  
  74  9:18  Overseer  
  74  9:24  Hydralisk  
  74  9:25  Hydralisk  
  78  9:34  Hydralisk x2  
  81  9:42  Overlord  
  77  9:48  Zergling x2  
  77  9:49  Zergling x4  
  77  9:51  Hydralisk  
  81  9:55  Hydralisk  
  83  10:00  Overlord  
  83  10:07  Lurker Den  
  83  10:10  Overlord  
  83  10:15  Overlord  
  83  10:19  Drone x3  
  85  10:32  Drone x6  
  85  10:34  Drone  
  90  10:36  Drone  
  90  10:41  Drone x2  
  90  10:42  Drone  
  92  10:51  Hydralisk x3  
  98  11:02  Hydralisk x3  
  104  11:14  Overlord  
  104  11:17  Zergling x16  
  110  11:30  Overlord  
  110  11:31  Zergling x2  
  110  11:32  Zergling x8  
  115  11:36  Queen  
  115  11:37  Zergling x8  
  115  11:38  Lurker x5  
  126  11:40  Lurker  
  126  11:44  Lurker x3  
  129  11:51  Lurker  
  130  11:55  Zergling x14  
  137  12:03  Overlord  
  137  12:04  Overseer  
  137  12:07  Extractor x2  
  129  12:18  Hydralisk x4  
  135  12:35  Hydralisk x4  
  132  12:41  Zergling x2  
  132  12:42  Zergling x14  
  128  12:46  Hydralisk x2  
  132  12:52  Hydralisk x3  
  117  13:14  Lurker  

Tags
 
Add a new tag
Caveats
  • Supply blocks, unpowered buildings, or Contaminate may cause inaccurate times.
  • Supply counts are checked every 10 seconds.